[Event "GER-ch Rapid Women 2020"]
[Site "Plochingen"]
[Date "2020.09.19"]
[Round "1.2"]
[White "Papp, Sarah"]
[Black "Zeller, Elisa"]
[Result "1-0"]
[ECO "C02"]
[WhiteElo "2327"]
[BlackElo "1969"]
[Annotator "ChessBase"]
[PlyCount "167"]
[EventDate "2020.09.19"]
[EventType "swiss"]
[EventCountry "GER"]
[SourceTitle "playchess.com"]
[Source "ChessBase"]
[SourceQuality "1"]
[TimeControl "900+10"]

1. e4 e6 2. d4 d5 3. e5 c5 4. c3 Nc6 5. Nf3 Qb6 6. a3 Bd7 7. b4 cxd4 8. cxd4 Nge7 9. Nc3 a6 10. Na4 Qc7 11. Bb2 Ng6 12. h4 b5 13. Nc5 Bxc5 14. bxc5 Qa5+ 15. Nd2 Nge7 16. Rh3 Nf5 17. Bc3 Qd8 18. Nf3 Rb8 19. g4 Nfe7 20. Qd2 h6 21. h5 Rg8 22. Bd3 Qc7 23. Nh4 Kd8 24. Rf3 Be8 25. Rb1 Nc8 26. Ng2 N8a7 27. g5 hxg5 28. Qxg5+ Qe7 29. Qg4 Qf8 30. Bd2 Kc8 31. a4 Bd7 32. Qf4 f5 33. Nh4 Be8 34. Nxf5 exf5 35. Bxf5+ Kb7 36. Qg4 Qe7 37. Bg5 Qc7 38. Be6 Rh8 39. h6 gxh6 40. Bf6 h5 41. Qh4 Qh7 42. Rb2 Qe4+ 43. Qxe4 dxe4 44. Rf4 Rf8 45. Rxe4 Bg6 46. Rh4 Na5 47. d5 Rfe8 48. Bd7 Bf7 49. c6+ N7xc6 50. dxc6+ Kc7 51. Bxe8 Rxe8 52. axb5 axb5 53. Rxb5 Nxc6 54. Ra4 Rb8 55. Rxb8 Kxb8 56. f4 Be6 57. Kf2 Kc7 58. Ra1 Kd7 59. Rg1 Bg4 60. Ke3 Ke6 61. Bg5 Nb4 62. Rc1 Kf5 63. Kd4 Bf3 64. Rc8 h4 65. Bxh4 Kxf4 66. Rf8+ Kg4 67. Bf6 Nc6+ 68. Kc5 Na5 69. e6 Nb7+ 70. Kd4 Nd6 71. e7 Nf5+ 72. Ke5 Nxe7 73. Bxe7 Bc6 74. Bc5 Bd7 75. Be3 Kg3 76. Rf6 Bg4 77. Ke4 Bh5 78. Bd4 Be2 79. Rg6+ Kh3 80. Ke3 Bh5 81. Rg7 Bd1 82. Kf4 Bc2 83. Rg3+ Kh4 84. Rg2 1-0

[Event "GER-ch Rapid Women 2020"]
[Site "Plochingen"]
[Date "2020.09.19"]
[Round "1.3"]
[White "Kosovska, Olena"]
[Black "Voicu-Jagodzinsky, Carmen"]
[Result "1/2-1/2"]
[ECO "B23"]
[WhiteElo "1881"]
[BlackElo "2247"]
[Annotator "ChessBase"]
[PlyCount "105"]
[EventDate "2020.09.19"]
[EventType "swiss"]
[EventCountry "GER"]
[SourceTitle "playchess.com"]
[Source "ChessBase"]
[SourceQuality "1"]
[TimeControl "900+10"]

1. e4 c5 2. Nc3 Nc6 3. f4 a6 4. Nf3 e6 5. Be2 b5 6. O-O b4 7. Na4 Be7 8. d3 Nf6 9. e5 Nd5 10. c4 bxc3 11. Nxc3 d6 12. Bd2 dxe5 13. fxe5 O-O 14. Qe1 Rb8 15. Rb1 Qc7 16. Qg3 f5 17. Bh6 Bd8 18. Nxd5 exd5 19. Bf4 Be6 20. Ng5 Nd4 21. Bh5 Bxg5 22. Bxg5 Rb7 23. Kh1 Rfb8 24. b3 a5 25. Be3 Rb4 26. Rbc1 Qe7 27. Bd2 R4b5 28. Qf2 a4 29. b4 Rxb4 30. Bxb4 Rxb4 31. h3 g6 32. Bd1 a3 33. Qd2 Kg7 34. Qc3 Rb5 35. Ba4 Rb4 36. Bd1 Rb5 37. Re1 Qa7 38. Be2 h5 39. Bf1 Kh7 40. Rb1 f4 41. Rxb5 Nxb5 42. Qd2 Qa4 43. Rb1 Bd7 44. Be2 Qd4 45. e6 Be8 46. Qa5 Qe3 47. Bf3 Qxe6 48. Rxb5 Bxb5 49. Qxb5 Qe1+ 50. Kh2 Qg3+ 51. Kg1 Qe1+ 52. Kh2 Qg3+ 53. Kg1 1/2-1/2

[Event "GER-ch Rapid Women 2020"]
[Site "Plochingen"]
[Date "2020.09.19"]
[Round "1.4"]
[White "Muetsch, Annmarie"]
[Black "Morio, Estelle"]
[Result "1-0"]
[ECO "C41"]
[WhiteElo "2226"]
[BlackElo "1837"]
[Annotator "ChessBase"]
[PlyCount "77"]
[EventDate "2020.09.19"]
[EventType "swiss"]
[EventCountry "GER"]
[SourceTitle "playchess.com"]
[Source "ChessBase"]
[SourceQuality "1"]
[TimeControl "900+10"]

1. e4 d6 2. d4 Nf6 3. Nc3 Nbd7 4. Nf3 e5 5. Bc4 Be7 6. O-O O-O 7. a4 c6 8. h3 exd4 9. Nxd4 Re8 10. Nf5 Nc5 11. Nxe7+ Rxe7 12. e5 Rxe5 13. Bf4 Re8 14. Bxd6 Nce4 15. Nxe4 Nxe4 16. Bf4 Qxd1 17. Raxd1 Nc5 18. b3 Be6 19. Bxe6 Rxe6 20. Be3 Re5 21. Rd6 Kf8 22. Rfd1 Ne4 23. Rd7 Re7 24. f3 Rxd7 25. Rxd7 Nf6 26. Rxb7 a6 27. Bc5+ Kg8 28. Rc7 h6 29. Rxc6 Rd8 30. Rd6 Rc8 31. b4 a5 32. c3 axb4 33. cxb4 Ra8 34. a5 Ne8 35. Rc6 Nf6 36. a6 Nd5 37. a7 Nc3 38. Rc7 Nb5 39. Rb7 1-0

[Event "GER-ch Rapid Women 2020"]
[Site "Plochingen"]
[Date "2020.09.19"]
[Round "1.5"]
[White "Wulf, Constanze"]
[Black "Osmanodja, Filiz"]
[Result "0-1"]
[ECO "B23"]
[WhiteElo "1817"]
[BlackElo "2256"]
[Annotator "ChessBase"]
[PlyCount "40"]
[EventDate "2020.09.19"]
[EventType "swiss"]
[EventCountry "GER"]
[SourceTitle "playchess.com"]
[Source "ChessBase"]
[SourceQuality "1"]
[TimeControl "900+10"]

1. e4 c5 2. Nc3 Nc6 3. Bb5 Nd4 4. Bc4 e6 5. Nge2 a6 6. a4 Ne7 7. d3 d5 8. exd5 exd5 9. Ba2 Bg4 10. h3 Bh5 11. Bg5 h6 12. Bh4 g5 13. Bg3 Bg7 14. Qd2 O-O 15. O-O Re8 16. Nxd4 cxd4 17. Nd1 Nf5 18. c3 Re2 19. Qc1 Rc8 20. Bh2 Nh4 0-1

[Event "GER-ch Rapid Women 2020"]
[Site "Plochingen"]
[Date "2020.09.19"]
[Round "1.6"]
[White "Burchardt, Brigitte"]
[Black "Mader, Lena"]
[Result "1-0"]
[ECO "B15"]
[WhiteElo "2113"]
[BlackElo "1839"]
[Annotator "ChessBase"]
[PlyCount "117"]
[EventDate "2020.09.19"]
[EventType "swiss"]
[EventCountry "GER"]
[SourceTitle "playchess.com"]
[Source "ChessBase"]
[SourceQuality "1"]
[TimeControl "900+10"]

1. e4 c6 2. d4 d5 3. Nd2 dxe4 4. Nxe4 Nf6 5. Ng3 g6 6. h3 Bg7 7. Nf3 O-O 8. Be2 c5 9. dxc5 Qa5+ 10. c3 Qxc5 11. O-O e5 12. Qb3 Nc6 13. Be3 Qe7 14. Rfe1 Be6 15. Qc2 h6 16. Bd3 Rac8 17. Qe2 Nd5 18. Bc1 f5 19. Bb5 e4 20. Bxc6 Rxc6 21. Nd4 Bxd4 22. cxd4 Kh7 23. f3 Rxc1 24. Rexc1 Nf4 25. Qe3 Nd3 26. fxe4 Nxc1 27. exf5 gxf5 28. Rxc1 f4 29. Qe4+ Kh8 30. Qe5+ Qf6 31. Qxf6+ Rxf6 32. Nh5 Rf5 33. Re1 Bf7 34. g4 fxg3 35. Nxg3 Rd5 36. Re7 Kg8 37. Rxb7 Rxd4 38. Nf5 Rd1+ 39. Kf2 Rd2+ 40. Ke3 Rg2 41. Nxh6+ Kf8 42. Nxf7 Rg3+ 43. Kd4 Rxh3 44. Ne5 Rh2 45. Nd3 Rh4+ 46. Kc3 a6 47. b4 Rh6 48. Nc5 Rc6 49. Kc4 Ke8 50. Ra7 Kd8 51. Rxa6 Rxa6 52. Nxa6 Kc8 53. Kc5 Kb7 54. b5 Ka7 55. Nb4 Kb7 56. b6 Ka8 57. Kc6 Kb8 58. Na6+ Ka8 59. b7+ 1-0

[Event "GER-ch Rapid Women 2020"]
[Site "Plochingen"]
[Date "2020.09.19"]
[Round "2.2"]
[White "Frey, Alisa"]
[Black "Papp, Sarah"]
[Result "1/2-1/2"]
[ECO "C12"]
[WhiteElo "2087"]
[BlackElo "2327"]
[Annotator "ChessBase"]
[PlyCount "87"]
[EventDate "2020.09.19"]
[EventType "swiss"]
[EventCountry "GER"]
[SourceTitle "playchess.com"]
[Source "ChessBase"]
[SourceQuality "1"]
[TimeControl "900+10"]

1. e4 e6 2. d4 d5 3. Nc3 Nf6 4. Bg5 Bb4 5. e5 h6 6. Bd2 Bxc3 7. bxc3 Ne4 8. Qg4 Kf8 9. Bd3 Nxd2 10. Kxd2 c5 11. Rb1 Nc6 12. Nf3 c4 13. Be2 Rb8 14. Rb2 Bd7 15. Rhb1 b6 16. h4 Ne7 17. h5 a5 18. Qf4 Kg8 19. g4 Be8 20. Rg1 b5 21. Qg3 b4 22. Rgb1 Nc6 23. Ng1 Rc8 24. Nh3 Qe7 25. Ke1 Rh7 26. Kf1 g6 27. hxg6 fxg6 28. Kg2 g5 29. f4 Bg6 30. Rf1 Be4+ 31. Kh2 Rf8 32. Bf3 Bxf3 33. Rxf3 Rhf7 34. Rb1 bxc3 35. Qf2 Qa7 36. Rf1 Qxd4 37. Qg3 Kg7 38. fxg5 Rxf3 39. gxh6+ Kxh6 40. Qh4+ Kg7 41. Qg5+ Kh7 42. Qh5+ Kg7 43. Qg5+ Kh7 44. Qh5+ 1/2-1/2

[Event "GER-ch Rapid Women 2020"]
[Site "Plochingen"]
[Date "2020.09.19"]
[Round "2.3"]
[White "Birkholz, Olga"]
[Black "Muetsch, Annmarie"]
[Result "0-1"]
[ECO "A41"]
[WhiteElo "2018"]
[BlackElo "2226"]
[Annotator "ChessBase"]
[PlyCount "69"]
[EventDate "2020.09.19"]
[EventType "swiss"]
[EventCountry "GER"]
[SourceTitle "playchess.com"]
[Source "ChessBase"]
[SourceQuality "1"]
[TimeControl "900+10"]

1. d4 d6 2. Nc3 Nf6 3. Bf4 Nbd7 4. e3 e5 5. Bg3 Be7 6. Bc4 O-O 7. Nf3 e4 8. Nd2 Nb6 9. Bb3 Bf5 10. Qe2 d5 11. O-O-O a5 12. a4 Bb4 13. Nb5 Ne8 14. c3 Be7 15. c4 c6 16. Nc3 Bb4 17. c5 Nd7 18. Na2 b6 19. cxb6 Qxb6 20. Bc2 Nd6 21. Nxb4 Qxb4 22. Bxd6 Qxd6 23. Kb1 Rfb8 24. g4 Be6 25. f4 f5 26. gxf5 Bxf5 27. Qh5 g6 28. Rhg1 Kh8 29. Qe2 Qa3 30. Bb3 Rxb3 31. Nxb3 Qxb3 32. Rc1 Nb6 33. Rxc6 Nc4 34. Re1 Rb8 35. Rc5 0-1

[Event "GER-ch Rapid Women 2020"]
[Site "Plochingen"]
[Date "2020.09.19"]
[Round "2.4"]
[White "Osmanodja, Filiz"]
[Black "Roesler, Hannah Clara"]
[Result "1-0"]
[ECO "B77"]
[WhiteElo "2256"]
[BlackElo "1708"]
[Annotator "ChessBase"]
[PlyCount "59"]
[EventDate "2020.09.19"]
[EventType "swiss"]
[EventCountry "GER"]
[SourceTitle "playchess.com"]
[Source "ChessBase"]
[SourceQuality "1"]
[TimeControl "900+10"]

1. e4 c5 2. Nc3 Nc6 3. Nf3 g6 4. d4 cxd4 5. Nxd4 Bg7 6. Be3 Nf6 7. Bc4 O-O 8. Bb3 d6 9. f3 Bd7 10. Qd2 Nxd4 11. Bxd4 b5 12. O-O a5 13. a4 b4 14. Nd5 Nxd5 15. exd5 Rb8 16. Rfe1 Re8 17. Bxg7 Kxg7 18. Re4 Qb6+ 19. Kh1 Bf5 20. Rh4 Rh8 21. Re1 Rb7 22. Bc4 Rc7 23. b3 f6 24. g4 Bc8 25. Qh6+ Kf7 26. Bd3 f5 27. gxf5 Qf2 28. fxg6+ hxg6 29. Qxg6+ Kf8 30. Rxh8# 1-0

[Event "GER-ch Rapid Women 2020"]
[Site "Plochingen"]
[Date "2020.09.19"]
[Round "2.5"]
[White "Stangl, Anita"]
[Black "Burchardt, Brigitte"]
[Result "1-0"]
[ECO "B86"]
[WhiteElo "2005"]
[BlackElo "2113"]
[Annotator "ChessBase"]
[PlyCount "65"]
[EventDate "2020.09.19"]
[EventType "swiss"]
[EventCountry "GER"]
[SourceTitle "playchess.com"]
[Source "ChessBase"]
[SourceQuality "1"]
[TimeControl "900+10"]

1. e4 c5 2. Nf3 d6 3. d4 cxd4 4. Nxd4 Nf6 5. Nc3 a6 6. Bc4 e6 7. a3 Be7 8. Nde2 Qc7 9. Ba2 b5 10. O-O Bb7 11. Ng3 O-O 12. f4 Nbd7 13. f5 e5 14. Bg5 Nb6 15. Bxf6 Bxf6 16. Nh5 Qe7 17. Qg4 Kh8 18. Rad1 Rac8 19. Rd3 Nc4 20. Bxc4 Rxc4 21. Rfd1 Rd8 22. Qe2 Bg5 23. Nd5 Bxd5 24. Rxd5 g6 25. fxg6 fxg6 26. Ng3 Bf4 27. Nf1 Bh6 28. Qd3 Bf8 29. Ne3 Rc6 30. Ng4 Qg5 31. Nxe5 dxe5 32. Rxd8 Kg7 33. Qd7+ 1-0

[Event "GER-ch Rapid Women 2020"]
[Site "Plochingen"]
[Date "2020.09.19"]
[Round "2.6"]
[White "Voicu-Jagodzinsky, Carmen"]
[Black "Gheng, Simona"]
[Result "0-1"]
[ECO "A38"]
[WhiteElo "2247"]
[BlackElo "2014"]
[Annotator "ChessBase"]
[PlyCount "72"]
[EventDate "2020.09.19"]
[EventType "swiss"]
[EventCountry "GER"]
[SourceTitle "playchess.com"]
[Source "ChessBase"]
[SourceQuality "1"]
[TimeControl "900+10"]

1. Nf3 c5 2. c4 Nf6 3. g3 d6 4. Bg2 g6 5. O-O Bg7 6. Nc3 Nc6 7. d3 O-O 8. Rb1 Rb8 9. a3 a5 10. e3 Bg4 11. h3 Bd7 12. Qe2 Ne5 13. Nxe5 dxe5 14. Bd2 Qc7 15. b4 b6 16. b5 Rfd8 17. Rbd1 Bf5 18. e4 Bc8 19. Kh2 Bb7 20. f4 Nh5 21. f5 Qd6 22. Be3 e6 23. fxg6 hxg6 24. Bf3 Nf6 25. Qf2 Rd7 26. g4 Rbd8 27. g5 Nh7 28. Ne2 Qe7 29. Nc1 Nxg5 30. Be2 f5 31. Rg1 f4 32. Bd2 Nxe4 33. dxe4 Rxd2 34. Rxd2 Rxd2 35. Rxg6 Bxe4 36. Qe1 Rxe2+ 0-1

[Event "GER-ch Rapid Women 2020"]
[Site "Plochingen"]
[Date "2020.09.19"]
[Round "3.1"]
[White "Osmanodja, Filiz"]
[Black "Paehtz, Elisabeth"]
[Result "0-1"]
[ECO "B54"]
[WhiteElo "2256"]
[BlackElo "2472"]
[Annotator "RC"]
[PlyCount "140"]
[EventDate "2020.09.19"]
[EventType "swiss"]
[EventCountry "GER"]
[SourceTitle "playchess.com"]
[Source "ChessBase"]
[SourceQuality "1"]
[TimeControl "900+10"]

1. e4 c5 2. Nc3 d6 3. Nf3 a6 4. d4 cxd4 5. Nxd4 e6 6. Be2 b5 7. a4 b4 8. Na2 Nf6 9. Bf3 e5 10. Nb3 Nc6 11. O-O Be6 12. c3 Rb8 13. cxb4 Nxb4 14. Nxb4 Rxb4 15. Nd2 Be7 16. b3 Qb8 17. Rb1 O-O 18. Ba3 Rb7 19. Be2 Qa7 20. Bc4 Bxc4 21. bxc4 Rfb8 22. Rxb7 Rxb7 23. Qc2 Qd4 24. Rd1 h6 25. h3 Bf8 26. a5 Be7 27. Kf1 g6 28. Kg1 Kg7 29. Bc1 Qc5 30. Bb2 Qxa5 31. Bc3 Qc5 32. Ra1 Qc6 33. f4 exf4 34. Rf1 Qc5+ 35. Kh2 g5 36. Nb3 Qc8 37. Nd4 Qxc4 38. Nf5+ Kf8 39. Re1 Rc7 40. Nxe7 Qxc3 41. Qxc3 Rxc3 42. Nf5 Rc4 43. Nxd6 Rd4 44. e5 Nd5 45. Rb1 Ne3 46. Rb7 Rd1 47. Rb8+ Kg7 48. h4 g4 49. g3 Rd2+ 50. Kg1 fxg3 51. Rb1 Kg6 52. Ne4 Rg2+ 53. Kh1 Kf5 54. e6 fxe6 55. Nd6+ Kg6 56. Re1 Rh2+ 57. Kg1 Rd2 58. Ne4 Rd3 59. Nxg3 Rd1 60. h5+ Kg5 61. Rxd1 Nxd1 62. Kf1 Ne3+ 63. Ke2 Nf5 64. Ne4+ Kxh5 65. Nc5 a5 66. Nxe6 a4 67. Nc5 a3 68. Nb3 Kg5 69. Kf2 a2 70. Kg2 h5 0-1

[Event "GER-ch Rapid Women 2020"]
[Site "Plochingen"]
[Date "2020.09.19"]
[Round "3.2"]
[White "Muetsch, Annmarie"]
[Black "Stangl, Anita"]
[Result "1-0"]
[ECO "C06"]
[WhiteElo "2226"]
[BlackElo "2005"]
[Annotator "ChessBase"]
[PlyCount "55"]
[EventDate "2020.09.19"]
[EventType "swiss"]
[EventCountry "GER"]
[SourceTitle "playchess.com"]
[Source "ChessBase"]
[SourceQuality "1"]
[TimeControl "900+10"]

1. e4 e6 2. d4 d5 3. Nd2 Nf6 4. e5 Nfd7 5. Bd3 c5 6. c3 Nc6 7. Ne2 Qb6 8. Nf3 cxd4 9. cxd4 f6 10. exf6 Nxf6 11. O-O Bd6 12. Nc3 O-O 13. Be3 Bd7 14. Qe2 Rae8 15. Rad1 Bb8 16. Bb1 Re7 17. Ne5 Be8 18. Ng4 Kh8 19. Nxf6 gxf6 20. Qg4 f5 21. Qh4 f4 22. Qh6 Rff7 23. Bxh7 fxe3 24. fxe3 Bxh2+ 25. Kxh2 Qc7+ 26. Kg1 Qg3 27. Bf5+ Rh7 28. Bxh7 1-0

[Event "GER-ch Rapid Women 2020"]
[Site "Plochingen"]
[Date "2020.09.19"]
[Round "3.3"]
[White "Papp, Sarah"]
[Black "Birkholz, Olga"]
[Result "1-0"]
[ECO "B00"]
[WhiteElo "2327"]
[BlackElo "2018"]
[Annotator "ChessBase"]
[PlyCount "91"]
[EventDate "2020.09.19"]
[EventType "swiss"]
[EventCountry "GER"]
[SourceTitle "playchess.com"]
[Source "ChessBase"]
[SourceQuality "1"]
[TimeControl "900+10"]

1. e4 b6 2. d4 Bb7 3. Bd3 g6 4. c3 Bg7 5. Be3 d6 6. f4 Nd7 7. Nf3 e6 8. O-O Ne7 9. Nbd2 O-O 10. Qe1 f5 11. e5 Nd5 12. c4 Nxe3 13. Qxe3 dxe5 14. dxe5 Nc5 15. Bc2 a5 16. b3 Qe7 17. a3 Rfd8 18. Rfd1 Bf8 19. Ng5 Na6 20. Ndf3 h6 21. Nh3 Qc5 22. Nd4 Kf7 23. Nf2 Rd7 24. Rd3 Qe7 25. Nb5 Rxd3 26. Nxd3 Rd8 27. Kh1 Qd7 28. h3 Nc5 29. Rd1 Nxd3 30. Rxd3 Qc6 31. Qg3 Rxd3 32. Bxd3 Bc5 33. Kh2 Qd7 34. h4 c6 35. Nc3 h5 36. Na4 Bxa3 37. Qe3 Be7 38. Nxb6 Qd8 39. c5 Bxc5 40. Qxc5 Qxd3 41. Nc4 Qd8 42. Nd6+ Kg7 43. Kh3 Ba6 44. Qa7+ Bb7 45. Qxb7+ Kh6 46. Nf7+ 1-0

[Event "GER-ch Rapid Women 2020"]
[Site "Plochingen"]
[Date "2020.09.19"]
[Round "3.5"]
[White "Skibbe, Diana"]
[Black "Mader, Lena"]
[Result "0-1"]
[ECO "B15"]
[WhiteElo "1991"]
[BlackElo "1839"]
[Annotator "NA"]
[PlyCount "140"]
[EventDate "2020.09.19"]
[EventType "swiss"]
[EventCountry "GER"]
[SourceTitle "playchess.com"]
[Source "ChessBase"]
[SourceQuality "1"]
[TimeControl "900+10"]

1. e4 c6 2. d4 d5 3. Nc3 dxe4 4. Nxe4 Nf6 5. Nxf6+ exf6 6. Nf3 Bd6 7. Be3 O-O 8. Qd2 Be6 9. Bd3 Re8 10. O-O Nd7 11. c4 Nf8 12. Rac1 Ng6 13. h3 a5 14. d5 cxd5 15. c5 Be5 16. Bb5 Re7 17. a4 f5 18. Rfd1 f4 19. Nxe5 fxe3 20. Qxe3 Nxe5 21. Qxe5 Bg4 22. Qxd5 Bxd1 23. Rxd1 Qxd5 24. Rxd5 h6 25. Kf1 Rc7 26. Bc4 Kf8 27. b3 f6 28. Ke2 Ke7 29. Ke3 Rd8 30. Rh5 Rd1 31. g3 Rcd7 32. c6 bxc6 33. Rxa5 Re1+ 34. Kf3 Re5 35. Ra6 Rc5 36. Ra8 Kd6 37. a5 Ke5 38. a6 Kd4 39. Re8 Ra5 40. Re1 Kc5 41. Re2 Kb6 42. Kf4 Ka7 43. Re6 Rc5 44. Ke4 Kb6 45. f4 Ra7 46. g4 Ra5 47. Kd4 Ra1 48. h4 Rg1 49. Be2 Re1 50. f5 Rd7+ 51. Ke3 Ra1 52. Bf3 Rc1 53. Be2 Rc5 54. b4 Rc3+ 55. Kf2 Ka7 56. Re4 Rc2 57. Kf3 Rcd2 58. Ke3 R2d5 59. Rc4 Re5+ 60. Kf3 Rd6 61. Rc2 Red5 62. Ke3 Re5+ 63. Kf2 Kb6 64. Ra2 Ka7 65. Rc2 Re4 66. Rb2 Rdd4 67. b5 cxb5 68. Rxb5 Re7 69. Rc5 Rd2 70. Kf3 Rdxe2 0-1

[Event "GER-ch Rapid Women 2020"]
[Site "Plochingen"]
[Date "2020.09.19"]
[Round "3.6"]
[White "Gheng, Simona"]
[Black "Noll, Sonja"]
[Result "1-0"]
[ECO "B04"]
[WhiteElo "2014"]
[BlackElo "1783"]
[Annotator "ChessBase"]
[PlyCount "49"]
[EventDate "2020.09.19"]
[EventType "swiss"]
[EventCountry "GER"]
[SourceTitle "playchess.com"]
[Source "ChessBase"]
[SourceQuality "1"]
[TimeControl "900+10"]

1. e4 Nf6 2. e5 Nd5 3. d4 Nb6 4. Nf3 d6 5. exd6 cxd6 6. c3 g6 7. Bd3 Bg7 8. O-O O-O 9. Re1 N8d7 10. Bg5 h6 11. Bxe7 Qc7 12. Bxf8 Nxf8 13. Nbd2 Be6 14. Ne4 Nfd7 15. Ng3 Nd5 16. Bxg6 Nf4 17. Bf5 Bd5 18. Re7 Rd8 19. Bxd7 Rxd7 20. Re8+ Bf8 21. Qd2 Ng6 22. Qxh6 Bxf3 23. Nf5 f6 24. Qxg6+ Rg7 25. Nh6+ 1-0

[Event "GER-ch Rapid Women 2020"]
[Site "Plochingen"]
[Date "2020.09.19"]
[Round "4.1"]
[White "Paehtz, Elisabeth"]
[Black "Muetsch, Annmarie"]
[Result "1/2-1/2"]
[ECO "B07"]
[WhiteElo "2472"]
[BlackElo "2226"]
[Annotator "ChessBase"]
[PlyCount "97"]
[EventDate "2020.09.19"]
[EventType "swiss"]
[EventCountry "GER"]
[SourceTitle "playchess.com"]
[Source "ChessBase"]
[SourceQuality "1"]
[TimeControl "900+10"]

1. d4 Nf6 2. Nf3 d6 3. Bg5 Nbd7 4. c3 c6 5. Nbd2 Qc7 6. e4 g6 7. Bd3 Bg7 8. O-O O-O 9. Re1 e5 10. a4 h6 11. Bh4 b6 12. Bf1 a6 13. Nc4 g5 14. dxe5 dxe5 15. Bg3 Nh5 16. Bxe5 Nxe5 17. Nfxe5 Nf4 18. Nd3 Nxd3 19. Qxd3 Be6 20. Ne3 Be5 21. g3 b5 22. Qe2 Kh7 23. axb5 axb5 24. Qh5 b4 25. cxb4 Rxa1 26. Rxa1 Bxb2 27. Rb1 Bd4 28. Ng4 Bxg4 29. Qxg4 Qe5 30. Qf3 Kg7 31. Bh3 Ra8 32. Qe2 Ra1 33. Rxa1 Bxa1 34. Qc4 Qd4 35. Qxd4+ Bxd4 36. Bd7 Bc3 37. Bxc6 Bxb4 38. Kg2 Bd6 39. Kf3 Kf6 40. Kg4 Kg6 41. f4 h5+ 42. Kf3 f6 43. Be8+ Kh6 44. Bf7 Bc7 45. h3 Bd6 46. Be8 Bc7 47. Ke3 h4 48. fxg5+ Kxg5 49. g4 1/2-1/2

[Event "GER-ch Rapid Women 2020"]
[Site "Plochingen"]
[Date "2020.09.19"]
[Round "4.2"]
[White "Stangl, Anita"]
[Black "Papp, Sarah"]
[Result "0-1"]
[ECO "C00"]
[WhiteElo "2005"]
[BlackElo "2327"]
[Annotator "ChessBase"]
[PlyCount "72"]
[EventDate "2020.09.19"]
[EventType "swiss"]
[EventCountry "GER"]
[SourceTitle "playchess.com"]
[Source "ChessBase"]
[SourceQuality "1"]
[TimeControl "900+10"]

1. e4 e6 2. Nf3 d5 3. Nc3 d4 4. Ne2 c5 5. c3 Nc6 6. cxd4 cxd4 7. Qa4 Bc5 8. b4 Bb6 9. b5 Nce7 10. Nexd4 e5 11. Nb3 Nf6 12. Nxe5 O-O 13. Bb2 Ng6 14. Nxg6 hxg6 15. Be2 Re8 16. d3 Ng4 17. Bd4 Be6 18. Bxb6 axb6 19. Qb4 Qh4 20. Bxg4 Bxg4 21. h3 Rad8 22. Qc3 f5 23. Nd2 Re7 24. e5 f4 25. Qc4+ Be6 26. Qb4 Bd5 27. O-O Bxg2 28. Kxg2 f3+ 29. Nxf3 Qxb4 30. d4 Qxb5 31. Rab1 Qd5 32. Rb3 Rf8 33. Kg3 Rxf3+ 34. Rxf3 Qxd4 35. Rc1 Qxe5+ 36. Kg2 Qg5+ 0-1

[Event "GER-ch Rapid Women 2020"]
[Site "Plochingen"]
[Date "2020.09.19"]
[Round "4.3"]
[White "Frey, Alisa"]
[Black "Osmanodja, Filiz"]
[Result "1-0"]
[ECO "C95"]
[WhiteElo "2087"]
[BlackElo "2256"]
[Annotator "ChessBase"]
[PlyCount "157"]
[EventDate "2020.09.19"]
[EventType "swiss"]
[EventCountry "GER"]
[SourceTitle "playchess.com"]
[Source "ChessBase"]
[SourceQuality "1"]
[TimeControl "900+10"]

1. e4 e5 2. Nf3 Nc6 3. Bb5 a6 4. Ba4 Nf6 5. O-O b5 6. Bb3 Be7 7. Re1 d6 8. c3 O-O 9. h3 Nb8 10. d4 Nbd7 11. Nbd2 Bb7 12. a4 c5 13. d5 c4 14. Bc2 Nc5 15. Nf1 Nfd7 16. Ng3 g6 17. Bh6 Re8 18. Nh2 Bg5 19. Bxg5 Qxg5 20. Qg4 Qxg4 21. Nxg4 h5 22. Ne3 h4 23. Ne2 Nd3 24. Reb1 N7c5 25. f3 Rf8 26. Nc1 f5 27. b4 Nxc1 28. bxc5 Ne2+ 29. Kf2 Nxc3 30. c6 Bc8 31. Rb2 Nxa4 32. Bxa4 c3 33. Rb3 bxa4 34. Rxa4 fxe4 35. Rxe4 Bf5 36. Nxf5 gxf5 37. Rxh4 Kg7 38. Rc4 a5 39. Rcxc3 a4 40. Rb7+ Kf6 41. Ra3 Rfd8 42. Ke3 Ra5 43. g4 Rxd5 44. Rxa4 f4+ 45. Ke2 Rc5 46. Ra6 Rc8 47. Rbb6 Rc7 48. h4 d5 49. Kd3 Rc1 50. Kd2 Rc5 51. Kd3 Rc1 52. Kd2 Rc4 53. Kd3 Rd4+ 54. Ke2 e4 55. fxe4 dxe4 56. Rb7 f3+ 57. Ke3 Rd3+ 58. Kxe4 f2 59. Ra1 Rxb7 60. Kxd3 Rb3+ 61. Kc4 Rb2 62. Kc5 Ke6 63. h5 Rc2+ 64. Kb6 Ra2 65. Rc1 Kd6 66. Rd1+ Ke7 67. c7 Rb2+ 68. Kc6 Rc2+ 69. Kb7 Rb2+ 70. Kc8 Rb4 71. g5 Rb5 72. g6 Rxh5 73. Rf1 Rf5 74. g7 Kf7 75. Kb7 Rb5+ 76. Kc6 Rb2 77. c8=Q Rc2+ 78. Kb7 Rb2+ 79. Ka6 1-0

[Event "GER-ch Rapid Women 2020"]
[Site "Plochingen"]
[Date "2020.09.19"]
[Round "4.4"]
[White "Mader, Lena"]
[Black "Gheng, Simona"]
[Result "0-1"]
[ECO "E14"]
[WhiteElo "1839"]
[BlackElo "2014"]
[Annotator "ChessBase"]
[PlyCount "66"]
[EventDate "2020.09.19"]
[EventType "swiss"]
[EventCountry "GER"]
[SourceTitle "playchess.com"]
[Source "ChessBase"]
[SourceQuality "1"]
[TimeControl "900+10"]

1. c4 e6 2. Nc3 d5 3. e3 Nf6 4. Nf3 Be7 5. b3 O-O 6. Be2 c5 7. cxd5 exd5 8. d4 b6 9. O-O Bb7 10. Bb2 Nbd7 11. dxc5 bxc5 12. Rc1 Rc8 13. h3 Nb6 14. Nh2 d4 15. exd4 cxd4 16. Nb5 Rxc1 17. Bxc1 Qd5 18. Bf3 Qxb5 19. Bxb7 Rd8 20. Bf3 d3 21. Ng4 Nxg4 22. Bxg4 Nd5 23. a4 Qa6 24. Bd2 Bb4 25. Re1 g6 26. Bf3 Nc3 27. Bxc3 Bxc3 28. Re3 Bd4 29. Re7 Qb6 30. Kh1 Bxf2 31. Rb7 Qe3 32. Qa1 d2 33. Rc7 Qe1+ 0-1

[Event "GER-ch Rapid Women 2020"]
[Site "Plochingen"]
[Date "2020.09.19"]
[Round "4.5"]
[White "Zeller, Elisa"]
[Black "Mundt, Alexandra"]
[Result "1-0"]
[ECO "B06"]
[WhiteElo "1969"]
[BlackElo "1786"]
[Annotator "ChessBase"]
[PlyCount "46"]
[EventDate "2020.09.19"]
[EventType "swiss"]
[EventCountry "GER"]
[SourceTitle "playchess.com"]
[Source "ChessBase"]
[SourceQuality "1"]
[TimeControl "900+10"]

1. e4 g6 2. d4 Bg7 3. Nf3 e6 4. Be2 Ne7 5. O-O O-O 6. Nc3 d5 7. e5 Nf5 8. Bg5 Qd7 9. Qd2 Nc6 10. Bb5 a6 11. Bxc6 Qxc6 12. g4 h6 13. gxf5 hxg5 14. f6 Bxf6 15. exf6 e5 16. dxe5 Qe6 17. Qxg5 c6 18. Nd4 Qh3 19. Nce2 c5 20. Nf4 Qh7 21. Nb3 c4 22. Nd4 Bh3 23. Rfe1 Rfe8 1-0

[Event "GER-ch Rapid Women 2020"]
[Site "Plochingen"]
[Date "2020.09.19"]
[Round "4.6"]
[White "Voicu-Jagodzinsky, Carmen"]
[Black "Skibbe, Diana"]
[Result "1-0"]
[ECO "C42"]
[WhiteElo "2247"]
[BlackElo "1991"]
[Annotator "ChessBase"]
[PlyCount "21"]
[EventDate "2020.09.19"]
[EventType "swiss"]
[EventCountry "GER"]
[SourceTitle "playchess.com"]
[Source "ChessBase"]
[SourceQuality "1"]
[TimeControl "900+10"]

1. e4 e5 2. Nf3 Nf6 3. Nxe5 d6 4. Nf3 Nxe4 5. Nc3 d5 6. Qe2 Qe7 7. Nxd5 Qc5 8. Qxe4+ Be6 9. Nf4 Qb6 10. Nxe6 fxe6 11. Bc4 1-0